 Dungeon Crawl Stone Soup version 0.13.0-26-gf7ffa3a (webtiles) character file.

2199 Lilouch the Arsonist (level 8, -3/41 HPs)
             Began as a Deep Elf Fire Elementalist on Nov 1, 2013.
             Was an Initiate of Kikubaaqudgha.
             Slain by a wraith (8 damage)
             ... on Level 5 of the Dungeon.
             The game lasted 00:57:15 (7185 turns).

Lilouch the Arsonist (Deep Elf Fire Elementalist)   Turns: 7185, Time: 00:57:15

HP  -3/41        AC  3     Str  5      XL: 8   Next: 93%
MP  25/25        EV 14     Int 23      God: Kikubaaqudgha [......]
Gold 302         SH  8     Dex 15      Spells:  5 memorised,  6 levels left

Res.Fire  : . . .   See Invis. : .   L - +0,+2 orc hand axe (freeze)
Res.Cold  : . . .   Warding    : .   e - +1 robe {MR+}
Life Prot.: . . .   Conserve   : .   F - +0 dwarf buckler
Res.Poison: .       Res.Corr.  : .   (no helmet)
Res.Elec. : .       Clarity    : .   (no cloak)
Sust.Abil.: . .     Spirit.Shd : .   (no gloves)
Res.Mut.  : .       Stasis     : .   (no boots)
Res.Rott. : .       Flight     : .   (no amulet)
Saprovore : . . .                    (no ring)
                                     A - ring of wizardry

@: about to teleport, slowed, very slow, quite resistant to hostile
enchantments, fairly stealthy
A: no striking features
a: Renounce Religion


You were on level 5 of the Dungeon.
You worshipped Kikubaaqudgha.
Kikubaaqudgha was noncommittal.
You were not hungry.

You visited 2 branches of the dungeon, and saw 8 of its levels.

You collected 282 gold pieces.

Inventory:

Hand weapons
 k - a +0,+2 whip of electrocution
 L - a +0,+2 orcish hand axe of freezing (weapon)
Missiles
 r - 17 darts (quivered)
Armour
 e - a +1 robe of magic resistance (worn)
 g - a +0 elven leather armour
 o - a +1 ring mail
 F - a +0 dwarven buckler (worn)
 G - a +1 dwarven shield
Comestibles
 c - 3 bread rations
 h - 4 meat rations
Scrolls
 a - 3 scrolls of remove curse {unknown}
 d - 2 scrolls of curse jewellery {unknown}
 f - 4 scrolls of teleportation
 q - a scroll of enchant weapon I
 t - 2 scrolls of random uselessness {unknown}
 v - 3 scrolls of blinking {unknown}
 x - a scroll of enchant armour {unknown}
 y - a scroll of recharging {unknown}
 z - a scroll of enchant weapon II {unknown}
 B - a scroll of fear {unknown}
 D - a scroll of immolation {unknown}
 E - a scroll of curse armour {unknown}
Jewellery
 A - a ring of wizardry (left hand)
 I - a cursed ring of teleportation
Potions
 i - a potion of slowing {unknown}
 j - 3 potions of restore abilities
 n - a potion of brilliance
 p - 2 potions of confusion {unknown}
 u - 3 potions of agility
 w - 2 potions of might {unknown}
Books
 b - a book of Flames

   Spells                             Type                      Level
   *Flame Tongue                      Conjuration/Fire             1
   *Throw Flame                       Conjuration/Fire             2
   *Conjure Flame                     Conjuration/Fire             3
   Inner Flame                        Hexes/Fire                   3
   *Sticky Flame                      Conjuration/Fire             4
   *Fireball                          Conjuration/Fire             5
 C - a book of Fire

   Spells                             Type                      Level
   Fire Brand                         Charms/Fire                  2
   Ignite Poison                      Fire/Transmutation           5
   *Fireball                          Conjuration/Fire             5
   Bolt of Fire                       Conjuration/Fire             6
   Delayed Fireball                   Conjuration/Fire             7
   Ring of Flames                     Charms/Fire                  7
Magical staves
 H - an uncursed staff of air {unknown}


   Skills:
 + Level 2.7 Armour
 - Level 5.1 Dodging
 - Level 2.4 Stealth
 + Level 0.2 Shields
 + Level 7.1 Spellcasting
 + Level 5.7 Conjurations
 + Level 8.4 Fire Magic


You had 6 spell levels left.
You knew the following spells:

 Your Spells              Type           Power        Failure   Level  Hunger
a - Flame Tongue          Conj/Fire      #####        1%          1    None
b - Conjure Flame         Conj/Fire      #####...     1%          3    None
c - Sticky Flame          Conj/Fire      #####...     2%          4    ###....
d - Throw Flame           Conj/Fire      #####.       1%          2    None
e - Fireball              Conj/Fire      #####.....   5%          5    ####...


Dungeon Overview and Level Annotations

Branches:
Dungeon (7/27)             Temple (1/1) D:4
    Orc: D:6-11

Altars:
Ashenzari
Cheibriados
Elyvilon
Fedhas
Kikubaaqudgha
Makhleb
Nemelex Xobeh
Okawaru
Sif Muna
Trog
Vehumet
Xom
Yredelemnul
Zin
the Shining One

Shops:
D:4 }

Portals:
Ziggurat: D:3 (3330 gp)


Message History

You climb upwards.
There is a stone staircase leading down here.
The wraith hits you but does no damage. You block the wraith's attack.
The wraith hits you but does no damage. The wraith hits you but does no damage.
The wraith hits you.
* * * LOW HITPOINT WARNING * * *
The wraith drains your vigor!
You feel as though you will be slow longer.
* * * LOW HITPOINT WARNING * * *
There is a stone staircase leading up here.
The wraith barely misses you.
You climb upwards.
There is a stone staircase leading down here.
Read which item? (? for menu, Esc to quit)
As you read the scroll of teleportation, it crumbles to dust.
You feel strangely unstable. The wraith hits you!
You die...
Kikubaaqudgha rasps: "You have failed me!
Welcome... death!"

########### #..........#
..........# #.########.#
..........### #######.# ###.#
............# #....#..# #...#
.#####....#.# #.##.#.### ##...#
.# ###..#.#.####.##.#.#'####..#.#
)# #.(....#......##.#.....##..#..
.####.#####......##.......##.....
.##...# ###.....@##.#...........#
.##.### #......W....#............
....# #..#####.##.#............
....# #..##'##'##.#......#.....
....### #................[.......
.<....###..........###....###..#.
...................# ####.# #....
....#####..........######.# #.###
....# #.................# #.#


You could see a wraith.

Vanquished Creatures
  Pikel (D:6)
  The ghost of Snowclone the Cleaver, an experienced GrFi of Makhleb (D:5)
  An ogre (D:6)
  An orc warrior (D:6)
  An ice beast (D:6)
  Duvessa (D:6)
  A water moccasin (D:7)
  5 crimson imps
  Dowan (D:6)
  3 orc priests
  An orc wizard (D:6)
  2 iguanas
  4 worker ants
  Jessica (D:3)
  An ogre skeleton (D:5)
  2 adders
  3 giant mites (D:2)
  2 inept feature mimics (D:2)
  A goliath beetle zombie (D:5)
  A worm (D:2)
  5 giant geckos
  3 oozes
  18 orcs
  13 bats
  A bat skeleton (D:6)
  5 giant cockroaches
  10 goblins
  10 hobgoblins
  6 jackals
  8 kobolds
  2 ball pythons
  5 giant newts
  A hobgoblin skeleton (D:6)
  A kobold skeleton (D:5)
  A quokka (D:4)
  A quokka skeleton (D:4)
  15 rats
139 creatures vanquished.

Vanquished Creatures (others)
  A jelly (D:6)
  An orc zombie (D:6)
2 creatures vanquished.

Grand Total: 141 creatures vanquished

Notes
Turn   | Place    | Note
--------------------------------------------------------------
     0 | D:1      | Lilouch, the Deep Elf Fire Elementalist, began the quest for the Orb.
     0 | D:1      | Reached XP level 1. HP: 10/10 MP: 4/4
   218 | D:1      | Reached XP level 2. HP: 15/15 MP: 5/7
   687 | D:2      | Reached skill level 4 in Fire Magic
   753 | D:2      | Reached XP level 3. HP: 19/19 MP: 7/9
  1296 | D:2      | Reached XP level 4. HP: 20/24 MP: 13/13
  1394 | D:2      | Learned a level 3 spell: Conjure Flame
  1399 | D:2      | Learned a level 4 spell: Sticky Flame
  1835 | D:3      | Found a gateway to a ziggurat.
  1836 | D:3      | Noticed an angel
  2050 | D:3      | Reached skill level 5 in Fire Magic
  2177 | D:3      | Noticed Jessica
  2192 | D:3      | Killed Jessica
  2494 | D:3      | Reached XP level 5. HP: 28/28 MP: 7/16
  2909 | D:5      | Entered Level 5 of the Dungeon
  2935 | D:5      | Noticed Snowclone's ghost (experienced GrFi)
  2955 | D:5      | Killed Snowclone's ghost
  2955 | D:5      | Reached skill level 5 in Spellcasting
  2955 | D:5      | Reached skill level 7 in Fire Magic
  2955 | D:5      | Reached XP level 6. HP: 4/32 MP: 0/20
  2955 | D:5      | Reached XP level 7. HP: 4/36 MP: 0/21
  3394 | D:5      | Learned a level 2 spell: Throw Flame
  3538 | D:4      | Found Straexe's Gadget Shoppe.
  4348 | D:4      | Found a staircase to the Ecumenical Temple.
  4358 | Temple   | Entered the Ecumenical Temple
  4967 | D:5      | Learned a level 5 spell: Fireball
  5397 | D:6      | Noticed Dowan
  5399 | D:6      | Noticed Duvessa
  5404 | D:6      | Killed Dowan
  5413 | D:6      | Killed Duvessa
  5413 | D:6      | Reached skill level 1 in Armour
  5538 | D:6      | Noticed Pikel
  5556 | D:6      | Killed Pikel
  5556 | D:6      | Reached skill level 5 in Conjurations
  5556 | D:6      | Reached XP level 8. HP: 15/41 MP: 11/24
  5758 | D:6      | Found a white marble altar of Elyvilon.
  5775 | D:6      | Reached skill level 8 in Fire Magic
  6239 | D:6      | Reached skill level 5 in Dodging
  6600 | D:6      | Found a bloodstained altar of Trog.
  6629 | D:6      | Found a radiant altar of Vehumet.
  6633 | D:6      | Found an ancient bone altar of Kikubaaqudgha.
  6637 | D:6      | Became a worshipper of Kikubaaqudgha
  7185 | D:5      | Slain by a wraith

Action                   |  1- 3 |  4- 6 |  7- 9 || total
-------------------------+-------+-------+-------++-------
Melee: Dagger            |    25 |    24 |    87 ||   136
       Hand axe          |       |       |    89 ||    89
Throw: Club              |     1 |     4 |     2 ||     7
       Dart              |       |       |    20 ||    20
       Dagger            |       |       |     2 ||     2
 Cast: Flame Tongue      |    46 |    67 |    37 ||   150
       Conjure Flame     |       |     5 |     9 ||    14
       Throw Flame       |       |       |    85 ||    85
       Fireball          |       |       |     4 ||     4
       Sticky Flame      |       |       |     1 ||     1
  Use: Scroll            |       |       |     7 ||     7
       Potion            |       |       |     5 ||     5
 Stab: Sleeping          |     1 |     4 |       ||     5
